 Dungeon Crawl Stone Soup version 0.23-a0-650-ga4d50d4 (webtiles) character file.

446 zishaf the Chucker (level 6, -2/59 HPs)
             Began as a Troll Hunter on Jan 5, 2019.
             Slain by an iguana (14 damage)
             ... on level 4 of the Dungeon.
             The game lasted 00:06:35 (3678 turns).

zishaf the Chucker (Troll Hunter)                   Turns: 3678, Time: 00:06:35

Health: -2/59      AC:  5    Str: 21    XL:     6   Next: 73%
Magic:  5/5        EV:  6    Int:  7    God:
Gold:   172        SH: 13    Dex: 12    Spells: 5/5 levels left

rFire    . . .     SeeInvis .     - Unarmed
rCold    . . .     Gourm    +   e - +0 large shield
rNeg     . . .     Faith    .   b - +0 robe
rPois    .         Spirit   .   (helmet restricted)
rElec    .         Reflect  .   (no cloak)
rCorr    .         Harm     .   (gloves unavailable)
MR       .....                  (boots unavailable)
Stlth    ++........             (no amulet)
HPRegen  0.59/turn              v - ring of stealth
MPRegen  0.09/turn              (no ring)

@: no status effects
A: large, unfitting armour, claws 3, fast metabolism 3, gourmand, regeneration
1, shaggy fur 1, tough skin 2
a: no special abilities


You were on level 4 of the Dungeon.
You were full.

You visited 1 branch of the dungeon, and saw 4 of its levels.

You collected 172 gold pieces.

Inventory:

Hand Weapons
 a - a +0 hunting sling
 w - a +0 blowgun
Missiles
 c - 5 large rocks
 d - 2 throwing nets
 i - 27 sling bullets
 m - 121 stones
 p - 2 tomahawks (quivered)
 x - 41 poisoned needles
Armour
 b - a +0 robe (worn)
 e - a +0 large shield (worn)
Jewellery
 v - a ring of stealth (left claw)
 z - an uncursed ring of wizardry {unknown}
Wands
 n - a wand of digging (4)
Scrolls
 g - a scroll of blinking {unknown}
 h - a scroll of enchant armour {unknown}
 j - a scroll of teleportation {unknown}
 k - 2 scrolls of identify
 l - 3 scrolls of amnesia
 o - a scroll of remove curse
 r - a scroll of immolation {unknown}
 t - a scroll of fear
 y - a scroll of enchant weapon {unknown}
Potions
 q - 2 potions of curing
 s - a potion of berserk rage {unknown}
 u - a potion of heal wounds {unknown}
 A - a potion of agility {unknown}
Comestibles
 f - 7 rations
 B - 5 chunks of flesh


   Skills:
 + Level 2.6 Fighting
 + Level 4.2 Throwing
 + Level 2.6 Dodging
 - Level 0.3 Stealth
 * Level 2.9 Shields
 * Level 3.5 Unarmed Combat


You had 5 spell levels left.
You didn't know any spells.
Your spell library was empty.

Dungeon Overview and Level Annotations

Branches:
Dungeon (4/15)
 Temple: D:4-7

Altars:


Innate Abilities, Weirdness & Mutations

You are too large for most types of armour.
You have claws for hands.
Your metabolism is lightning-fast.
You like to eat raw meat.
Your natural rate of healing is unusually fast.
You are covered in fur. (AC +1)
You have very tough skin. (AC +2)


Message History

The ogre shouts!
You scratch the iguana.
The iguana is severely wounded.
You block the iguana's attack. The iguana bites you!
* * * LOW HITPOINT WARNING * * *
You block the iguana's attack.
You claw the iguana!
You kill the iguana!
You block the iguana's attack. The iguana bites you.
* * * LOW HITPOINT WARNING * * *
You see here an iguana corpse.
The iguana barely misses you.
You see here 2 chunks of flesh.
A leopard gecko skeleton comes into view.
You see here 8 gold pieces.
The iguana bites you!
* * * LOW HITPOINT WARNING * * *
There is a stone staircase leading up here.
The iguana bites you!
You die...

##........###.##.....
#........# ... ..
#.......## ##.a
#.......# ..
##..$.?.# #
##.....#.##
##........#
#.Ol..)#...
###@...Z.#..
###.#..... ##.... ..#
.# . .


You could see an ogre, an iguana and a leopard gecko skeleton.

Vanquished Creatures
  A howler monkey (D:4)
  An orc priest (D:3)
  An iguana (D:4)
  Crazy Yiuf (D:2)
  Ijyb (D:3)
  Terence (D:3)
  Jessica (D:2)
  An orc wizard (D:4)
  A worker ant (D:2)
  Robin (D:1)
  A gnoll (D:1)
  4 adders
  An ooze (D:3)
  4 worms
  2 dart slugs
  A leopard gecko (D:1)
  16 orcs
  3 giant cockroaches
  16 hobgoblins
  3 quokkas
  A ball python (D:2)
  5 bats
  A frilled lizard (D:2)
  21 goblins
  10 kobolds
  A quokka skeleton (D:3)
  9 rats
109 creatures vanquished.

Notes
Turn   | Place    | Note
-------+----------+-------------------------------------------
     0 | D:1      | zishaf the Troll Hunter began the quest for the Orb.
     0 | D:1      | Reached XP level 1. HP: 19/19 MP: 0/0
   223 | D:1      | Reached XP level 2. HP: 28/28 MP: 1/1
   300 | D:1      | Reached skill level 1 in Unarmed Combat
   976 | D:2      | Noticed Robin
   980 | D:2      | Reached XP level 3. HP: 28/35 MP: 2/2
   981 | D:2      | Reached skill level 1 in Shields
  1032 | D:1      | Killed Robin
  1112 | D:2      | Reached XP level 4. HP: 22/42 MP: 3/3
  1622 | D:2      | Noticed Jessica
  1627 | D:2      | Killed Jessica
  1627 | D:2      | Reached skill level 4 in Throwing
  1627 | D:2      | Reached XP level 5. HP: 33/49 MP: 4/4
  1750 | D:2      | Found a runed door.
  2331 | D:3      | Noticed Terence
  2369 | D:3      | Killed Terence
  2410 | D:3      | Noticed Ijyb
  2480 | D:3      | Killed Ijyb
  2819 | D:2      | Noticed Crazy Yiuf
  2832 | D:2      | Killed Crazy Yiuf
  2832 | D:2      | Reached XP level 6. HP: 59/59 MP: 5/5
  3678 | D:4      | Slain by an iguana

Vault maps used:
D:1:      minmay_arrival_stair_chambers, minmay_parallelograms,
          chequers_big_river, chequers_serial_rivers_large_a
D:2:      uniq_jessica, uniq_crazy_yiuf_cottage, uniq_robin
D:3:      corexii_shack_village, kennysheep_generic_room_12, uniq_terence,
          uniq_ijyb
D:4:      corexii_shantytown, first_ration, serial_shops,
          nicolae_shop_overgrown_old_shop, nicolae_ossuary_entry_plus,
          uniq_pikel

Skill      XL: |  1  2  3  4  5 |
---------------+----------------+-----
Unarmed Combat | 1 2 3 |  3.5
Shields        | 1 2 |  2.9
Fighting       | 2 |  2.6
Dodging        | 2 |  2.6
Throwing       | 4 |  4.2
Stealth        | |  0.3

Action                   |  1- 3 |  4- 6 || total
-------------------------+-------+-------++-------
Melee: Unarmed           |   102 |   330 ||   432
 Fire: Hunting sling     |     3 |     9 ||    12
       Blowgun           |       |    15 ||    15
Throw: Large rock        |       |     3 ||     3
       Tomahawk          |       |    11 ||    11
  Use: Scroll            |       |     4 ||     4
 Stab: Sleeping          |     1 |       ||     1
  Eat: Chunk             |    16 |    21 ||    37
Armor: Robe              |    40 |    84 ||   124
Dodge: Dodged            |    28 |    54 ||    82
Block: Large shield      |    61 |   177 ||   238

Table legend:
 A = Non-vault XP
 B = Vault XP
 C = Vault XP percentage of total XP
 D = Non-vault monster count
 E = Vault monster count
 F = Vault count percentage of total count
                 A         B        C        D         E       F
            +---------+---------+-------+---------+---------+-------
      Total |     417 |     221 |  34.6 |      76 |      33 |  30.3
            +---------+---------+-------+---------+---------+-------
        D:1 |      39 |      25 |  39.1 |      16 |       6 |  27.3
        D:2 |      99 |      89 |  47.3 |      23 |       9 |  28.1
        D:3 |     117 |     101 |  46.3 |      24 |      15 |  38.5
        D:4 |     162 |       6 |   3.6 |      13 |       3 |  18.8
            +---------+---------+-------+---------+---------+-------
